 Dungeon Crawl Stone Soup version bcrawl-1.12-8-g964540c432 (webtiles) character file.

Game seed: 8440790212232939451

25 Hercules1031 the Sneak (level 3, 18/18 HPs)
             Began as a Vine Stalker Archaeologist on June 10, 2019.
             Got out of the dungeon alive.
             The game lasted 00:03:33 (687 turns).

Hercules1031 the Sneak (Vine Stalker Archaeologist)  Turns: 687, Time: 00:03:34

Health: 18/18      AC:  8    Str: 13    XL:     3   Next: 4%
Magic:  4/4        EV: 13    Int: 14    God:
Gold:   43         SH:  0    Dex: 13    Spells: 2/2 levels left

rFire    . . .     SeeInvis .   (no weapon)
rCold    . . .     Gourm    .   (no shield)
rNeg     . . .     Faith    .   a - +1 robe
rPois    .         Spirit   +   b - +1 hat
rElec    .         Reflect  .   (no cloak)
rCorr    .         Harm     .   d - +1 pair of gloves
MR       .....                  c - +1 pair of boots
Stlth    +++.......             (no amulet)
HPRegen  0.46/turn              (no ring)
MPRegen  0.09/turn              (no ring)

@: studying Crossbows
A: fangs 2, regeneration 1, magic shield, antimagic bite, no potion heal 3, rot
immunity
a: no special abilities


You escaped.
You were not hungry.

You visited 1 branch of the dungeon, and saw 1 of its levels.

You collected 43 gold pieces.

Inventory:

Armour
 a - a +1 robe (worn)
 b - a +1 hat (worn)
 c - a +1 pair of boots (worn)
 d - a +1 pair of gloves (worn)
Scrolls
 h - 3 scrolls of identify {unknown}
 j - 2 scrolls of enchant armour {unknown}
 k - a scroll of teleportation {unknown}
 m - a scroll of remove curse {unknown}
Potions
 i - a potion of agility {unknown}
 l - a potion of mutation {unknown}
Books
 e - a manual of Crossbows
Miscellaneous
 f - an ancient crate
Comestibles
 g - a ration {!d}


   Skills:
 + Level 1.3 Fighting
 + Level 2.6 Dodging
 * Level 4.7 Stealth
 + Level 0.1 Unarmed Combat
 + Level 0.1 Spellcasting


You had 2 spell levels left.
You didn't know any spells.
Your spell library was empty.

Dungeon Overview and Level Annotations

Branches:
Dungeon (1/12)

Altars:


Innate Abilities, Weirdness & Mutations

You have extremely sharp teeth.
Your natural rate of healing is unusually fast.
When hurt, damage is shared between your health and your magic reserves.
Your bite disrupts and absorbs the magic of your enemies.
Potions cannot restore your health.
You are immune to rotting.


Message History

k - a scroll labeled UVOUSU SEO
Found 110 bolts.
l - a viscous sapphire potion
j - 2 scrolls labeled FOGREFAN YLIHE (gained 1)
m - a scroll labeled VORIEM YSIDA You open the door.
There is an open door here.
A ball python comes into view.
A ball python is nearby!
A ball python is nearby!
You see here a +0 dagger.
Items here: )) ÷÷÷ a +0 club x2; a leopard gecko skeleton; a goblin skeleton x2
There is an open door here.
Things that are here:
a +0 club; 4 stones
There is an open door here.
There is a staircase leading out of the dungeon here.
Are you sure you want to leave the Dungeon?
This will make you lose the game!
You have escaped!

#.....)...>.#
#####....
#.###########
#..... #.# #.....
#.# #.#... #.#####
#.#.## #.##≈≈≈♣##
########.#.#.
#.#≈≈≈♣..#
##..........#.
#.#♣♣♣..###
#...........#.
#.'......@#
#...........#.
###♣♣♣..###
#...........#.
≈≈≈♣..#
#...........#.
##≈≈≈♣##
#...........#.
####
#####.....#####.#.
#..)..........#.#.
#.###.#######.#.##
#.#.......# #.#.#
#.#.#....## #.###


There were no monsters in sight!

Vanquished Creatures
  A leopard gecko (D:1)
  4 hobgoblins (D:1)
  5 jackals (D:1)
  2 kobolds (D:1)
  A quokka (D:1)
  2 bats (D:1)
  4 goblins (D:1)
  3 rats (D:1)
22 creatures vanquished.

Notes
Turn   | Place    | Note
-------+----------+-------------------------------------------
     0 | D:1      | Hercules1031 the Vine Stalker Archaeologist began the quest
                  | for the Orb.
     0 | D:1      | Reached XP level 1. HP: 9/9 MP: 2/2
    38 | D:1      | Reached skill level 1 in Fighting
    65 | D:1      | Reached XP level 2. HP: 8/14 MP: 1/3
   455 | D:1      | Reached XP level 3. HP: 13/18 MP: 2/4
   687 | D:$      | Got out of the dungeon alive.

Skill      XL: |  1 |
---------------+----+-----
Fighting       | 1 |  1.3
Dodging        | |  2.6
Stealth        | |  4.7
Unarmed Combat | |  0.1
Spellcasting   | |  0.1

Action                   || total
-------------------------++-------
Melee: Unarmed           ||   128
       Bite              ||    25
 Stab: Sleeping          ||     4
Armor: Robe              ||    45
Dodge: Dodged            ||    78
